 Dungeon Crawl Stone Soup version 0.19.0-22-gd96e5fe (webtiles) character file.

1251 GlenndL the Chopper (level 8, -9/49 HPs)
             Began as a Gargoyle Fighter on Nov 19, 2016.
             Was a Believer of Nemelex Xobeh.
             Mangled by a rust devil (11 damage)
             ... summoned by the player character
             ... on level 7 of the Dungeon.
             The game lasted 00:17:43 (4916 turns).

GlenndL the Chopper (Gargoyle Fighter)              Turns: 4916, Time: 00:17:44

Health: -9/49      AC: -10   Str: 21    XL:     8   Next: 51%
Magic:  8/8        EV: 10    Int: 13    God:    Nemelex Xobeh [**....]
Gold:   308        SH: 10    Dex:  9    Spells: 0 memorised, 7 levels left

rFire  . . .     SeeInvis .     a - +0 war axe
rCold  . . .     Gourm    .     w - +5 ring mail of Sif Muna's Fury {+Inv Int+3}
rNeg   + . .     Faith    .     c - +0 shield
rPois  ∞         Spirit   .     q - +0 helmet
rElec  +         Reflect  .     (no cloak)
rCorr  .         Harm     .     (no gloves)
MR     .....                    (no boots)
Stlth  +.........               (no amulet)
                                (no ring)
                                (no ring)

@: about to teleport, corroded
A: negative energy resistance 1, electricity resistance, unbreathing,
petrification resistance, rot immunity, AC +5
a: Renounce Religion, Evoke Invisibility


You were on level 7 of the Dungeon.
You worshipped Nemelex Xobeh.
Nemelex Xobeh was pleased with you.
You were full.

You visited 1 branch of the dungeon, and saw 7 of its levels.

You collected 308 gold pieces.

Inventory:

Hand Weapons
 a - a +0 war axe (weapon)
 i - a +0 whip of electrocution
 k - a +0 glaive
 v - a +3 dagger of distortion
Armour
 b - a +0 scale mail
 c - a +0 shield (worn)
 q - a +0 helmet (worn)
 w - the +5 ring mail of Sif Muna's Fury (worn) {+Inv Int+3}
   (You found it on level 5 of the Dungeon)

   It affects your intelligence (+3).
   It lets you turn invisible.
Jewellery
 n - an uncursed ring of magical power
 u - an uncursed ring of magical power
Scrolls
 e - 3 scrolls of amnesia
 m - 2 scrolls of blinking
 o - a scroll of torment {unknown}
 p - 2 scrolls of fear
 z - 3 scrolls of remove curse
 C - a scroll of identify
Potions
 d - 2 potions of might
 f - a potion of brilliance {unknown}
 g - 2 potions of degeneration
 h - 2 potions of ambrosia {unknown}
 j - 3 potions of heal wounds
 r - a potion of lignification {unknown}
 t - 4 potions of curing {unknown}
 A - a potion of haste {unknown}
 E - a potion of agility {unknown}
Miscellaneous
 l - a plain deck of summoning {drawn: 5}
 y - a plain deck of destruction {drawn: 1}
Comestibles
 x - a meat ration
 B - a royal jelly
 D - 3 fruits


   Skills:
 + Level 5.2 Fighting
 + Level 5.7 Axes
 + Level 5.3 Armour
 + Level 3.0 Dodging
 + Level 0.5 Stealth
 + Level 5.6 Shields
 + Level 0.7 Invocations


You had 7 spell levels left.
You didn't know any spells.

Dungeon Overview and Level Annotations

Branches:
Dungeon (7/15)
 Temple: D:4-7

Altars:
Cheibriados
Fedhas
Hepliaklqana
Nemelex Xobeh
Qazlal
Sif Muna

Annotations:
D:7 Menkaure


Innate Abilities, Weirdness & Mutations

You are resistant to torment.
Your stone body is resilient. (AC +5)
You are immune to poison.
You resist negative energy. (rN+)
You are resistant to electric shocks. (rElec)
You can survive without breathing.
You are immune to petrification.
You are immune to rotting.


Message History

Menkaure hits your hell hound but does no damage.
The rust devil hits you! The rust devil corrodes you!
Your hell hound bites Menkaure!
Menkaure hits your hell hound!
Your hell hound dies!
Your hell hound's corpse disappears in a puff of smoke!
As you read the scroll of teleportation, it crumbles to dust.
You feel strangely unstable. The rust devil hits you!
* * * LOW HITPOINT WARNING * * *
The rust devil corrodes you! The rust devil hits you!
* * * LOW HITPOINT WARNING * * *
The rust devil corrodes you! You block Menkaure's attack.
You closely miss the rust devil.
The rust devil is lightly wounded.
You hit Menkaure. You block Menkaure's attack.
You block the rust devil's attack.
Menkaure casts a spell.
The rust devil hits you!
You die...
Your body glows slightly and disappears.

### #.# #.#
#.# #.# #4#
#@# #M# #H#
#.# ...
.....
.......
.........
...........


You could see a rust devil, a hippogriff and Menkaure.

Vanquished Creatures
  A phantom (D:4)
  A sky beast (D:3)
  2 ogres
  A centaur (D:6)
  A bullfrog zombie (D:4)
  A hound (D:5)
  A gnoll shaman (D:5)
  An orc priest (D:5)
  7 orc wizards
  An iguana (D:4)
  A worker ant (D:4)
  A howler monkey zombie (D:6)
  4 gnolls (D:5)
  5 adders
  2 shadow imps
  An ooze (D:5)
  An adder skeleton (D:4)
  3 worms
  3 dart slugs
  5 leopard geckos
  14 orcs
  4 giant cockroaches
  6 goblins
  4 hobgoblins
  3 jackals (D:2)
  3 quokkas
  3 ball pythons
  7 bats
  7 frilled lizards
  8 kobolds
  9 rats
111 creatures vanquished.

Vanquished Creatures (collateral kills)
  A black bear (D:6)
  An orc warrior (D:5)
  2 hounds (D:6)
  A quasit (D:6)
  An iguana (D:6)
  A worker ant (D:6)
  An adder (D:6)
8 creatures vanquished.

Vanquished Creatures (others)
  An orc wizard (D:5)
1 creature vanquished.

Grand Total: 120 creatures vanquished

Notes
Turn   | Place    | Note
-------+----------+-------------------------------------------
     0 | D:1      | GlenndL the Gargoyle Fighter began the quest for the Orb.
     0 | D:1      | Reached XP level 1. HP: 14/14 MP: 1/1
   180 | D:1      | Reached XP level 2. HP: 19/19 MP: 2/2
   795 | D:2      | Reached XP level 3. HP: 22/23 MP: 3/3
  1081 | D:2      | Found a deep blue altar of Sif Muna.
  1471 | D:3      | Found a sparkling altar of Nemelex Xobeh.
  1480 | D:3      | Became a worshipper of Nemelex Xobeh the Trickster
  1483 | D:3      | Received a gift from Nemelex Xobeh
  1495 | D:3      | Reached XP level 4. HP: 29/29 MP: 4/4
  1584 | D:3      | Found a hazy altar of Hepliaklqana.
  1599 | D:3      | Noticed a sky beast
  1609 | D:3      | Killed a sky beast
  1609 | D:3      | Reached XP level 5. HP: 27/33 MP: 5/5
  1754 | D:3      | Reached skill level 1 in Dodging
  1970 | D:3      | Reached * piety under Nemelex Xobeh
  2335 | D:4      | Noticed a phantom
  2358 | D:4      | Killed a phantom
  2358 | D:4      | Reached XP level 6. HP: 25/38 MP: 6/6
  2811 | D:4      | Reached XP level 7. HP: 8/43 MP: 7/7
  3118 | D:4      | Found a snail-covered altar of Cheibriados.
  3449 | D:5      | Entered Level 5 of the Dungeon
  3662 | D:5      | Reached skill level 5 in Shields
  3676 | D:5      | Found a deep blue altar of Sif Muna.
  3689 | D:5      | Found a stormy altar of Qazlal.
  3718 | D:5      | Reached skill level 5 in Armour
  3969 | D:5      | Got a translucent ring mail
  3970 | D:5      | Identified the +5 ring mail of Sif Muna's Fury {+Inv Int+3} (You found it on level 5 of the Dungeon)
  3994 | D:5      | Reached ** piety under Nemelex Xobeh
  4035 | D:5      | Reached skill level 5 in Axes
  4262 | D:5      | Reached XP level 8. HP: 33/48 MP: 8/8
  4487 | D:6      | Noticed an ice devil
  4563 | D:6      | Received a gift from Nemelex Xobeh
  4580 | D:6      | Reached skill level 5 in Fighting
  4681 | D:6      | Found a blossoming altar of Fedhas.
  4902 | D:7      | Noticed Menkaure
  4905 | D:7      | Noticed a hippogriff
  4907 | D:7      | Noticed a rust devil
  4915 | D:7      | HP: 2/49 [rust devil[the player character] (11)]
  4916 | D:7      | Mangled by a rust devil

Skill      XL: |  1  2  3  4  5  6  7  8 |
---------------+-------------------------+-----
Axes           | 2 3 4 5 |  5.7
Armour         | 4 5 |  5.3
Dodging        | 1 2 3 |  3.0
Shields        | 4 5 |  5.6
Fighting       | 4 5 |  5.2
Stealth        | |  0.5
Invocations    | |  0.7

Action                   |  1- 3 |  4- 6 |  7- 9 || total
-------------------------+-------+-------+-------++-------
Melee: War axe           |   139 |   146 |   205 ||   490
 Abil: Evoke Invisibilit |       |       |     1 ||     1
Evoke: Deck              |       |       |     6 ||     6
  Use: Scroll            |       |       |    20 ||    20
 Stab: Invisible         |       |       |     1 ||     1
  Eat: Meat ration       |     1 |       |     1 ||     2
       Bread ration      |     1 |       |     1 ||     2
Armor: Scale mail        |    81 |    71 |    15 ||   167
       Ring mail         |       |       |    84 ||    84
Dodge: Dodged            |    34 |    55 |    92 ||   181
Block: Shield            |    67 |    73 |   123 ||   263
